 Dungeon Crawl Stone Soup version 0.28-a0-1567-g1695149f81 (webtiles) character file.

Game seed: 3140730929200394191

265121 belegose the Eclecticist (level 20, 158/158 HPs)
             Began as a Djinni Summoner on Jan 18, 2022.
             Was an Elder of Ashenzari.
             Quit the game on level 1 of the Vaults on Jan 19, 2022.
             The game lasted 05:34:57 (63774 turns).

belegose the Eclecticist (Djinni Summoner)         Turns: 63774, Time: 05:34:58

Health: 158/158    AC: 23    Str: 15    XL:     20   Next: 89%
Gold:   1967       EV: 29    Int: 19    God:    Ashenzari [****..] SH: 15 Dex: 15

rFire   + + +      SeeInvis +   a - +7 double sword (vorpal)
rCold   . . .      Faith    .   w - +2 kite shield "Shackled With Me" {reflect, Melee, Range} (curse)
rNeg    . . .      Spirit   .   K - +7 scale mail "Shattered Skepticism" {rF+ rCorr Str+2, Cun, Self} (curse)
rPois   ∞          Reflect  +   k - +2 helmet of Ashenzari's Prison {SInv, Fort, Self} (curse)
rElec   .          Harm     .   B - +0 cloak of the Prescient Negation {Evo, Self} (curse)
rCorr   +          Rampage  .   P - +1 pair of gloves "Urgency of Ashenzari" {Will++ rCorr, Evo, Self} (curse)
Will    ++++.      Clarity  +   (boots unavailable)
Stlth   +++.......              c - amulet of the acrobat
HPRegen 0.36/turn               r - ring of Ashenzari's Soothsayer {Wiz, Evo, Self} (curse)
MPRegen 0.00/turn               V - ring of protection from cold

@: acrobatic, flying
A: sickness immunity, fire resistance 2, cold vulnerability 1, float, innate
caster, hp casting, extra vitality 1
}: 2/15 runes: barnacled, gossamer
a: Renounce Religion, Curse Item, Shatter the Chains


You were on level 1 of the Vaults.
You worshipped Ashenzari.
Ashenzari was greatly pleased with you.
You visited 7 branches of the dungeon, and saw 34 of its levels.
You visited 1 bazaar.
You also visited: Bailey and Desolation.

You collected 3834 gold pieces.
You spent 1867 gold pieces at shops.

Inventory:

Hand Weapons
 a - a +7 vorpal double sword (weapon)
 b - a +2 scimitar of flaming
 M - the +5 rapier of the Enchanted Forest {freeze, *Corrode rElec Dex+4}
   (You bought it in a shop on level 2 of the Orcish Mines)

   It freezes those it strikes, dealing additional cold damage.
   It can also slow down cold-blooded creatures.
   Dex:       It affects your dexterity (+4).
   rElec:     It insulates you from electricity.
   *Corrode:  It may corrode you when you take damage.
Missiles
 e - 65 poisoned darts
 i - 14 curare-tipped darts
 s - 7 throwing nets
 A - 46 boomerangs (quivered)
 N - 6 javelins
 O - 4 silver javelins
Armour
 k - the cursed +2 helmet of Ashenzari's Prison (worn) {SInv, Fort, Self}
   (You found it in a bailey)

   It has a curse which improves the following skills: Fortitude: Armour and
   Shields.
   Introspection: Fighting and Spellcasting.
 w - the cursed +2 kite shield "Shackled With Me" (worn) {reflect, Melee, Range}
   (You found it on level 2 of the Shoals)

   It has a curse which improves the following skills: Melee Combat: Short
   Blades, Long Blades, Axes, Maces & Flails, Polearms, Staves and Unarmed
   Combat.
   Ranged Combat: Slings, Bows, Crossbows and Throwing.
 B - the cursed +0 cloak of the Prescient Negation (worn) {Evo, Self}
   (You took it off Crazy Yiuf on level 5 of the Dungeon)

   It has a curse which improves the following skills: Evocations: Evocations.
   Introspection: Fighting and Spellcasting.
 K - the cursed +7 scale mail "Shattered Skepticism" (worn) {rF+ rCorr Str+2, Cun, Self}
   (You bought it in a shop on level 1 of the Orcish Mines)

   Str:       It affects your strength (+2).
   rF:        It protects you from fire.
   rCorr:     It protects you from acid and corrosion.
   It has a curse which improves the following skills: Cunning: Dodging and
   Stealth.
   Introspection: Fighting and Spellcasting.
 P - the cursed +1 pair of gloves "Urgency of Ashenzari" (worn) {Will++ rCorr, Evo, Self}
   (You found it on level 3 of the Lair of Beasts)

   rCorr:     It protects you from acid and corrosion.
   Will:      It greatly increases your willpower.
   It has a curse which improves the following skills: Evocations: Evocations.
   Introspection: Fighting and Spellcasting.
Jewellery
 c - an amulet of the acrobat (around neck)
 m - a ring of positive energy
 r - the cursed ring of Ashenzari's Soothsayer (left hand) {Wiz, Evo, Self}
   (You found it on level 4 of the Dungeon)

   [ring of wizardry]

   It improves your spell success rate.
   It has a curse which improves the following skills: Evocations: Evocations.
   Introspection: Fighting and Spellcasting.
 t - a +4 ring of slaying
 S - a ring of ice
 T - a +4 ring of protection
 V - a ring of protection from cold (right hand)
Wands
 g - a wand of charming (5)
 h - a wand of digging (9)
 l - a wand of flame (33)
 u - a wand of paralysis (12)
 C - a wand of iceblast (11)
 E - a wand of acid (15)
 J - a wand of mindburst (4)
Scrolls
 n - 11 scrolls of fog
 p - a scroll of enchant armour
 q - 6 scrolls of summoning
 v - 5 scrolls of fear
 y - 14 scrolls of teleportation
 L - 3 scrolls of magic mapping
 Q - 2 scrolls of silence
 R - 2 scrolls of holy word
Potions
 d - 13 potions of curing
 f - 4 potions of brilliance
 o - 11 potions of heal wounds
 z - a potion of invisibility
 D - a potion of might
 F - 6 potions of mutation
 G - 3 potions of cancellation
 H - 2 potions of haste
 I - 6 potions of ambrosia
 U - a potion of berserk rage
Miscellaneous
 j - a tin of tremorstones (2/2)
 x - a phial of floods


   Skills:
 - Level 13.2(18.7) Fighting
 - Level 3.0(10.2) Short Blades
 - Level 14.0(16.0) Long Blades
 - Level 9.4(11.4) Throwing
 - Level 7.9(10.0) Armour
 - Level 11.0(13.0) Dodging
 - Level 9.0(11.0) Stealth
 + Level 12.3(14.2) Shields
 + Level 15.0(20.4) Spellcasting
 - Level 8.1(12.0) Evocations


You had 10 spell levels left.
You knew the following spells:

 Your Spells              Type           Power      Damage    Failure   Level
a - Summon Small Mammal   Summ           100%       N/A       0%          1
b - Call Imp              Summ           77%        N/A       0%          2
c - Call Canine Familiar  Summ           77%        N/A       0%          3
d - Summon Guardian Gole  Hex/Summ       77%        N/A       0%          3
e - Summon Lightning Spi  Summ/Air       77%        N/A       1%          4
f - Shock                 Conj/Air       100%       1d9       0%          1
g - Poisonous Vapours     Pois/Air       100%       N/A       0%          2
h - Searing Ray           Conj           100%       2d8       0%          2
i - Stone Arrow           Conj/Erth      100%       3d13      0%          3
j - Olgreb's Toxic Radia  Pois           77%        N/A       1%          4
k - Agony                 Necr           77%        N/A       1%          5
l - Starburst             Conj/Fire      38%        6d11      1%          6
m - Monstrous Menagerie   Summ           38%        N/A       1%          7
n - Death Channel         Necr           38%        N/A       1%          6
Your spell library was empty.

Dungeon Overview and Level Annotations

Branches:
Dungeon (15/15)            Temple (1/1) D:7            Lair (6/6) D:9
 Shoals (4/4) Lair:2       Spider (4/4) Lair:4        Slime (0/5) Lair:6
    Orc (2/2) D:10            Elf (0/3) Orc:2        Vaults (2/5) D:14
 Depths (0/4) D:15         Bailey (visited)         Desolation (visited)
  Crypt: Vaults:2-3

Altars:
Ashenzari
Cheibriados
Dithmenos
Elyvilon
Fedhas
Gozag
Hepliaklqana
Kikubaaqudgha
Makhleb
Nemelex Xobeh
Okawaru
Qazlal
Ru
Sif Muna
Trog
Uskayaw
Vehumet
Wu Jian
Xom
Yredelemnul
Zin
The Shining One
Beogh

Shops:
D:3 [   D:12 !   Orc:1 [   Orc:2 :*![*   Shoals:2 *

Annotations:
Lair:3 exclusion: downstairs
Lair:5 exclusion: downstairs
Lair:6 exclusion: 3 doors
Shoals:2 exclusion: downstairs
Shoals:3 6 transporters, exclusion: downstairs
Shoals:4 Mara
Spider:2 exclusion: downstairs
Spider:4 2 transporters, Heune's ghost, adept GnWn; Plog's ghost, adept MiBe


Innate Abilities, Weirdness & Mutations

You are immune to sickness and miasma.
You are immune to poison.
Your flesh is very heat resistant. (rF++)
You are vulnerable to cold. (rC-)
You float through the air rather than walking.
You learn spells naturally, not from books.
Your magical power is your life essence.
You have superior vitality. (+4 MHP)


Message History

Aim: a vault guard, wielding a +2 great sword and wearing a +0 plate armour (severely wounded, ally target, 72% to hit)
You throw a boomerang. The boomerang hits the vault guard!!
The vault guard is almost dead.
Throw: 46 boomerangs
Press: ? - help, Q - select action, (/) - cycle Shift-Dir - straight line, f/p - vault guard
Aim: a vault guard, wielding a +2 great sword and wearing a +0 plate armour (almost dead, ally target, 72% to hit)
You throw a boomerang. The boomerang hits the vault guard.
The vault guard is almost dead.
Your lightning spire shoots out a bolt of lightning at the vault guard!
The bolt of electricity hits the vault guard!!
The vault guard dies!
Unknown command.
Your lightning spire disappears in a puff of smoke!
Things that are here:
a +2 great sword; a +0 plate armour; a human corpse
Things that are here:
a +0 halberd; a +0 chain mail; a human corpse
Things that are here:
a +3 halberd; a +0 plate armour
Items here: ) [ ††.
N - 5 javelins (gained 1)
There is an open door, spattered with blood here.
N - 6 javelins (gained 1)
There is an open door here.
There is an open door here.
There is an open door here.
There is an open door here.
Found 23 arrows.
You reach down and open the door.
Found 28 gold pieces.
There is an open door here.
There is an open door here.
There is an open door here.
An ironbound frostheart comes into view.
Save game and exit?
Welcome back, belegose the Djinni Summoner.
Ashenzari says: Partake of my vision.
Partake of my curse.
Press ? for a list of commands and other information.
Unknown command.
Are you sure you want to abandon this character and quit the game? (Confirm with "yes".)

,....* ############...........#
**#..###....#.#...'...........#
* *#..$+....#.#...#############
*#..#....'.#...#####
##.#....#.#...## #.#....#.##'##
######### *#.#....#.....##
#.......# **..######.##'###
#.......# # *
**...#cc+...#.@.## #.......# #
***..***,{#...#...## #.......#
# ,,...* *{{#...######
#.......# # ******
*,{#..(.p..## #.......# ##
***#..##+*** #.......# ##
*,,...*,,,,* #.......# ##
*******,,,,* #.......####
*,,,,,*,,,,* #.......#...
*,^,,,',,,,* #.......#...


There were no monsters in sight!

Vanquished Creatures
  Arachne (Spider:3)
  Donald (Spider:3)
  2 ghost moths (Spider:4)
  An emperor scorpion (Spider:2)
  3 very ugly things (Vaults:1)
  A war gargoyle (Vaults:1)
  5 broodmothers
  2 ironbound thunderhulks (Vaults:1)
  A stone giant (D:15)
  4 entropy weavers
  6 spark wasps
  A crystal guardian (Vaults:1)
  Josephine (D:15)
  A great orb of eyes (Vaults:1)
  A fire dragon (Shoals:3)
  A ragged hierophant (Desolation)
  3 yaktaur captains (Vaults:1)
  2 servants of whispers (Desolation)
  3 peacekeepers
  A rakshasa (D:14)
  3 boulder beetles
  3 ogre magi
  3 catoblepae
  2 radroaches
  3 hydras
  2 merfolk aquamancers
  An alligator snapping turtle (Shoals:4)
  An anaconda (Lair:2)
  22 two-headed ogres
  6 centaur warriors
  4 satyrs
  A merfolk avatar (Shoals:1)
  2 tengu warriors (D:14)
  3 death yaks
  An orc high priest (Orc:2)
  Urug (D:10)
  A fire crab (Lair:2)
  5 steelbarb worms
  3 skeletal warriors
  6 sea snakes
  2 deep trolls
  10 orb spiders
  A deep elf archer (D:14)
  2 lindwurms (Vaults:1)
  A wizard (D:10)
  A lindwurm (shapeshifter) (D:14)
  14 harpies
  3 deep elf zephyrmancers (D:14)
  A harpy (shapeshifter) (D:14)
  An orc knight (Orc:1)
  7 fauns (Shoals:4)
  5 ugly things
  6 cyclopes
  2 deep elf pyromancers (D:14)
  28 wolf spiders
  8 manticores
  13 elephants
  A vault sentinel (Vaults:1)
  A guardian serpent (shapeshifter) (D:8)
  A guardian serpent (Desolation)
  4 merfolk sirens
  3 water nymphs
  3 torpor snails
  3 black mambas
  Maurice (D:10)
  2 gargoyles
  Maggie (D:9)
  A rime drake (Lair:1)
  A kobold demonologist (D:14)
  5 cane toads
  5 komodo dragons
  2 efreet
  A tengu conjurer (D:14)
  13 yaktaurs
  7 demonic crawlers
  11 trolls
  5 meliai
  2 polar bears
  23 tarantellas
  2 wind drakes
  3 hornets
  12 merfolk
  A dream sheep (Lair:6)
  4 slime creatures (Vaults:1)
  6 snapping turtles
  13 saltlings (Desolation)
  18 blink frogs
  12 jumping spiders
  5 water elementals
  8 culicivoras
  4 wraiths
  3 wyverns
  Sigmund (D:4)
  27 yaks
  A vampire (D:11)
  4 basilisks
  40 redbacks
  3 steam dragons
  3 vampire mosquitoes
  4 wargs
  An acid dragon (D:12)
  13 water moccasins
  A sky beast (D:7)
  2 ice beasts (D:6)
  13 orc warriors
  2 black bears
  A necrophage (D:6)
  7 centaurs
  21 ogres
  7 wolves
  9 kobold brigands
  The ghost of horus123 the Conjurer, an amateur DECj (D:3)
  4 bullfrogs
  A nameless horror (Shoals:3)
  A gnoll sergeant (D:9)
  2 scorpions
  A water moccasin skeleton (D:6)
  7 howler monkeys
  8 electric eels
  A crimson imp (D:10)
  2 bullfrog zombies (D:6)
  2 hounds
  A jelly (D:7)
  19 orc priests
  5 centaur skeletons
  Crazy Yiuf (D:5)
  2 iguanas (D:6)
  Jessica (D:2)
  A bullfrog skeleton (D:7)
  A gnoll shaman (Orc:2)
  17 orc wizards
  2 hound skeletons
  A howler monkey zombie (D:8)
  5 adders
  12 gnolls
  A shadow imp (D:7)
  A white imp (D:6)
  A worm (D:3)
  3 dart slugs
  55 orcs
  3 endoplasms
  A giant cockroach (D:1)
  21 goblins
  5 hobgoblins
  2 jackals (D:2)
  6 quokkas
  9 ball pythons
  A bat (D:1)
  A frilled lizard (D:3)
  15 kobolds
  6 rats
  A bush (Shoals:3)
796 creatures vanquished.

Vanquished Creatures (collateral kills)
  Rupert (D:15)
  A quicksilver dragon (Vaults:1)
  Gastronok (D:8)
  Polyphemus (Shoals:3)
  A tengu reaver (Vaults:1)
  A fire giant (Vaults:1)
  3 emperor scorpions
  3 ghost moths
  2 vault wardens (Vaults:1)
  Louise (D:15)
  A broodmother (Spider:2)
  3 very ugly things (Vaults:1)
  The ghost of a11behringer the Severer, a journeyman HOFi of Gozag (D:12)
  A spark wasp (Spider:3)
  A yaktaur captain (Vaults:1)
  A ragged hierophant (Desolation)
  A fire dragon (Shoals:3)
  A merfolk impaler (Shoals:3)
  A great orb of eyes (Vaults:1)
  2 hydras
  2 peacekeepers (Desolation)
  2 vault guards (Vaults:1)
  2 jorogumos
  2 merfolk aquamancers
  4 two-headed ogres
  A centaur warrior (Vaults:1)
  2 merfolk avatars (Shoals:4)
  Erica (D:9)
  2 ironbound frosthearts (Vaults:1)
  A catoblepas (Lair:3)
  4 death yaks
  A death scarab (Spider:2)
  4 satyrs
  2 fire crabs (Lair:2)
  5 sea snakes
  2 pharaoh ants
  2 orb spiders
  3 steelbarb worms
  A lindwurm (Vaults:1)
  19 harpies
  2 wolf spiders
  An orc sorcerer (Orc:1)
  An oklob plant (Lair:6)
  8 manticores
  A cyclops (Shoals:3)
  4 fauns
  8 elephants
  3 water nymphs
  5 merfolk sirens
  A moth of wrath (Spider:4)
  4 vault sentinels
  3 black mambas
  3 torpor snails (Spider:3)
  A molten gargoyle (Desolation)
  5 cane toads
  3 demonic crawlers
  Psyche (D:11)
  A kobold demonologist (D:12)
  2 yaktaurs (Vaults:1)
  6 komodo dragons
  A meliai (Spider:4)
  2 trolls (Orc:1)
  A polar bear (Lair:5)
  6 merfolk
  3 tarantellas (Spider:1)
  19 blink frogs
  10 saltlings (Desolation)
  Prince Ribbit (D:9)
  4 slime creatures (Vaults:1)
  18 dream sheep
  2 snapping turtles
  3 jumping spiders
  3 culicivoras
  A vampire (D:13)
  A wraith (D:11)
  3 basilisks
  2 wyverns
  4 yaks
  2 vampire mosquitoes (D:13)
  3 redbacks (Spider:1)
  A steam dragon (Lair:2)
  2 wargs
  7 water moccasins
  An acid dragon (D:14)
  10 orc warriors
  5 ogres
  A black bear (Lair:4)
  3 wolves
  A phantom (D:3)
  A kobold brigand (Bailey)
  2 bullfrogs
  A wyvern skeleton (D:7)
  A water moccasin zombie (D:5)
  A jelly (D:4)
  A howler monkey (D:5)
  A centaur zombie (D:3)
  A hound (D:7)
  3 orc priests
  A gnoll shaman (D:9)
  2 iguanas (D:5)
  4 orc wizards
  Robin (D:4)
  2 gnolls
  3 adders
  A shadow imp (D:5)
  13 orcs
  An endoplasm (D:1)
  A goblin (D:1)
  6 kobolds
  A quokka (D:1)
  2 ball pythons (D:1)
  A frilled lizard (D:2)
324 creatures vanquished.

Vanquished Creatures (others)
  2 hydras (D:14)
  Erolcha (D:9)
  A boulder beetle (D:12)
  A skeletal warrior (D:15)
  4 harpies
  2 orc knights (D:15)
  6 ugly things (D:14)
  A cyclops (D:15)
  5 cane toads
  2 elephants (Lair:3)
  2 komodo dragons
  A yaktaur (D:14)
  A troll (D:10)
  2 saltlings (Desolation)
  14 yaks
  A warg (D:15)
  5 orc warriors
  A black bear (Lair:2)
  An ogre (D:15)
  A wolf (Lair:4)
  3 kobold brigands
  A bullfrog (Lair:1)
  A scorpion (Lair:2)
  5 wights (D:10)
  An orc wizard (D:8)
  2 gnolls (D:9)
  5 orcs
  2 kobolds (D:10)
  A bush (Lair:4)
  70 fungi
  265 plants
  6 tentacles (Shoals:1)
  3 withered plants
419 creatures vanquished.

Grand Total: 1539 creatures vanquished

Notes
Turn   | Place    | Note
-------+----------+-------------------------------------------
     0 | D:1      | belegose the Djinni Summoner began the quest for the Orb.
     0 | D:1      | Reached XP level 1. HP: 15/15 MP: 0/0
   271 | D:1      | Reached XP level 2. HP: 19/22 MP: 0/0
  1186 | D:1      | Reached XP level 3. HP: 26/26 MP: 0/0
  1186 | D:1      | Learned a level 1 spell: Shock
  1193 | D:1      | Reached skill level 1 in Fighting
  1857 | D:2      | Found a faded altar of an unknown god.
  1866 | D:2      | Reached XP level 4. HP: 27/32 MP: 0/0
  2098 | D:2      | Found a glowing golden altar of the Shining One.
  2100 | D:2      | Noticed Jessica
  2120 | D:2      | Killed Jessica
  2730 | D:3      | Reached XP level 5. HP: 38/38 MP: 0/0
  2730 | D:3      | Learned a level 2 spell: Poisonous Vapours
  2773 | D:3      | Found Juicren's Antique Armour Boutique.
  3721 | D:3      | Found a runed translucent door.
  3721 | D:3      | Noticed horus123's ghost (amateur DECj)
  4127 | D:4      | Found an iron altar of Okawaru.
  4166 | D:4      | Reached XP level 6. HP: 30/43 MP: 0/0
  4359 | D:4      | Noticed Sigmund
  4586 | D:3      | Reached skill level 4 in Spellcasting
  4869 | D:4      | Noticed Robin
  4881 | D:4      | Killed Robin
  5102 | D:4      | Noticed an ogre
  5313 | D:4      | Reached XP level 7. HP: 43/50 MP: 0/0
  5313 | D:4      | Learned a level 2 spell: Searing Ray
  5358 | D:4      | Found a hazy altar of Hepliaklqana.
  5759 | D:5      | Entered Level 5 of the Dungeon
  6395 | D:5      | Reached XP level 8. HP: 51/58 MP: 0/0
  6476 | D:5      | Found a snail-covered altar of Cheibriados.
  6604 | D:5      | Reached skill level 5 in Dodging
  6967 | D:5      | Found a runed translucent door.
  6968 | D:5      | Noticed Crazy Yiuf
  6985 | D:5      | Killed Crazy Yiuf
  7438 | D:6      | Reached skill level 5 in Spellcasting
  7759 | D:6      | Reached skill level 5 in Fighting
  7759 | D:6      | Reached skill level 5 in Stealth
  7759 | D:6      | Reached XP level 9. HP: 65/65 MP: 0/0
  7759 | D:6      | Learned a level 3 spell: Stone Arrow
  7762 | D:6      | Found a glowing golden altar of the Shining One.
  8162 | D:6      | Found a glowing silver altar of Zin.
  8750 | D:7      | Found a bloodstained altar of Trog.
  9699 | D:7      | Found a staircase to the Ecumenical Temple.
  9741 | Temple   | Entered the Ecumenical Temple
  9768 | Temple   | Became a worshipper of Ashenzari the Shackled
  9958 | D:7      | Reached skill level 1 in Long Blades
 10297 | D:7      | Found a glowing golden altar of the Shining One.
 10943 | D:8      | Noticed a guardian serpent
 10964 | D:8      | Killed a guardian serpent
 10965 | D:8      | Reached skill level 6 in Spellcasting
 10965 | D:8      | Reached XP level 10. HP: 11/73 MP: 0/0
 11503 | D:8      | Noticed Gastronok
 11511 | D:8      | Reached * piety under Ashenzari
 11537 | D:8      | Killed Gastronok
 12356 | D:9      | Noticed Erolcha
 12427 | D:9      | Found a flagged portal.
 12436 | Bailey   | Entered a bailey
 12479 | Bailey   | Reached skill level 1 in Armour
 12479 | Bailey   | Reached skill level 1 in Evocations
 12631 | Bailey   | Reached skill level 1 in Short Blades
 13061 | Bailey   | Found an iron altar of Okawaru.
 13084 | Bailey   | Reached ** piety under Ashenzari
 13092 | Bailey   | Identified Sif Muna's Disquisition on Scorching Black Rites
 13115 | D:9      | Reached XP level 11. HP: 59/82 MP: 0/0
 13115 | D:9      | Learned a level 4 spell: Olgreb's Toxic Radiance
 13115 | D:9      | Noticed Maggie
 13125 | D:9      | Killed Maggie
 13237 | D:9      | Noticed Prince Ribbit
 13254 | D:9      | Killed Prince Ribbit
 13501 | D:9      | Found a shimmering altar of Xom.
 14125 | D:9      | Found a staircase to the Lair.
 14225 | D:9      | Noticed Erica
 14387 | D:9      | Killed Erica
 14707 | D:9      | Killed Erolcha
 15113 | D:9      | Found a sacrificial altar of Ru.
 15155 | D:10     | Entered Level 10 of the Dungeon
 15183 | D:9      | Reached skill level 7 in Spellcasting
 15289 | D:10     | Found a bloodstained altar of Trog.
 15451 | D:10     | Reached skill level 5 in Evocations
 16040 | D:10     | Noticed Urug
 16086 | D:10     | Killed Urug
 16318 | D:10     | Found a staircase to the Orcish Mines.
 16524 | D:10     | Noticed Maurice
 16527 | D:10     | Paralysed by Maurice for 3 turns
 16554 | D:10     | Killed Maurice
 16876 | D:10     | Noticed a wizard
 17000 | D:6      | Identified Sif Muna's Disquisition on Scorching Black Rites
 17043 | D:3      | Bought a pair of slimy gloves for 199 gold pieces
 17043 | D:3      | Identified the +2 pair of gloves of Relativism {Rampage rN+
                  | Dex+4} (You bought it in a shop on level 3 of the Dungeon)
 17170 | Lair:1   | Entered Level 1 of the Lair of Beasts
 17199 | D:9      | Reached skill level 1 in Shields
 17199 | D:9      | Reached XP level 12. HP: 81/91 MP: 0/0
 17263 | Lair:1   | Noticed a five-headed hydra
 17276 | Lair:1   | Killed a five-headed hydra
 17472 | Lair:1   | Reached skill level 5 in Long Blades
 17648 | Lair:1   | Reached *** piety under Ashenzari
 18473 | Lair:2   | Reached skill level 8 in Spellcasting
 18841 | Lair:2   | Found a staircase to the Shoals.
 19194 | Lair:2   | Noticed an anaconda
 19202 | Lair:2   | Killed an anaconda
 19223 | Lair:2   | Reached XP level 13. HP: 89/98 MP: 0/0
 19223 | Lair:2   | Learned a level 5 spell: Agony
 19387 | Lair:2   | Reached skill level 5 in Shields
 19883 | Lair:3   | Identified the +8 flail of Popular Demand {speed, Will-
                  | Int+6}
 19904 | Lair:3   | Noticed a catoblepas
 19956 | Lair:1   | Reached skill level 9 in Spellcasting
 20280 | Lair:3   | Killed a catoblepas
 20598 | Lair:3   | Noticed a boulder beetle
 20614 | Lair:3   | Killed a boulder beetle
 20688 | Lair:3   | Identified the +1 pair of gloves of Hegguec {Will++ rCorr}
 21366 | Lair:4   | Reached XP level 14. HP: 106/106 MP: 0/0
 22158 | Lair:4   | Found a hole to the Spider Nest.
 22273 | Lair:4   | Reached skill level 10 in Spellcasting
 23399 | Lair:4   | Reached skill level 10 in Fighting
 23855 | Lair:6   | Entered Level 6 of the Lair of Beasts
 23947 | Lair:6   | Found a staircase to the Slime Pits.
 24015 | Lair:6   | Reached skill level 10 in Long Blades
 24088 | Lair:6   | Reached skill level 1 in Throwing
 24117 | Lair:6   | Reached XP level 15. HP: 75/117 MP: 0/0
 24117 | Lair:6   | Learned a level 6 spell: Starburst
 25277 | Orc:1    | Entered Level 1 of the Orcish Mines
 25495 | Orc:1    | Found Potitisch's Antique Armour Boutique.
 25508 | Orc:1    | Bought a bloodstained scale mail for 234 gold pieces
 25508 | Orc:1    | Identified the +7 scale mail of Twilight {rF+ rCorr Str+2}
                  | (You bought it in a shop on level 1 of the Orcish Mines)
 25509 | Orc:1    | Reached **** piety under Ashenzari
 25668 | Orc:2    | Entered Level 2 of the Orcish Mines
 27497 | Orc:2    | Reached skill level 11 in Spellcasting
 27888 | Orc:2    | Found Miaw's Assorted Antiques.
 27908 | Orc:2    | Found Lazaubbu's Distillery.
 27909 | Orc:2    | Found Karam's Assorted Antiques.
 28474 | Orc:2    | Found Keiwn's Armour Shop.
 28836 | Orc:2    | Found a staircase to the Elven Halls.
 28890 | Orc:2    | Found Lyc Rasm's Book Boutique.
 29251 | Orc:2    | Bought a twisted rapier for 189 gold pieces
 29251 | Orc:2    | Identified the +5 rapier of the Enchanted Forest {freeze,
                  | *Corrode rElec Dex+4} (You bought it in a shop on level 2
                  | of the Orcish Mines)
 29260 | Orc:2    | Bought a potion of heal wounds for 70 gold pieces
 29265 | Orc:2    | Bought a notched bone ring for 105 gold pieces
 29268 | Orc:2    | Bought a potion of curing for 63 gold pieces
 29268 | Orc:2    | Bought a potion of curing for 63 gold pieces
 29268 | Orc:2    | Bought a potion of haste for 210 gold pieces
 29273 | Orc:2    | Bought a potion of haste for 140 gold pieces
 29759 | D:3      | Killed horus123's ghost
 29837 | D:4      | Killed Sigmund
 30471 | D:11     | Reached XP level 16. HP: 130/131 MP: 0/0
 30861 | D:11     | Noticed Psyche
 30887 | D:11     | Killed Psyche
 31206 | D:12     | Found Tietz's Distillery.
 31964 | D:12     | Found a transporter.
 31973 | D:12     | Noticed a11behringer's ghost (journeyman HOFi)
 31975 | D:12     | Identified the +9 dire flail "Zeduemoi" {vorpal, Dex+3}
 31979 | D:12     | Found a transporter.
 33089 | D:14     | Found a gate to the Vaults.
 33462 | D:14     | Reached skill level 10 in Dodging
 33925 | D:14     | Found a hide-covered altar of Uskayaw.
 34145 | D:14     | Reached skill level 5 in Throwing
 34565 | Spider:1 | Entered Level 1 of the Spider Nest
 38213 | Spider:2 | Reached XP level 17. HP: 122/139 MP: 0/0
 38213 | Spider:2 | Learned a level 7 spell: Monstrous Menagerie
 39723 | Spider:3 | Reached skill level 12 in Spellcasting
 40880 | Spider:4 | Entered Level 4 of the Spider Nest
 42202 | Spider:3 | Identified a scroll of acquirement
 42215 | Spider:3 | Acquired a +4 vorpal double sword
 43640 | Spider:4 | Noticed Arachne
 43838 | Spider:4 | Noticed Heune's ghost (adept GnWn)
 43838 | Spider:4 | Noticed Plog's ghost (adept MiBe)
 43840 | Spider:4 | Found a transporter.
 43861 | Spider:4 | Found a transporter.
 43913 | Spider:3 | Killed Arachne
 44335 | Spider:4 | Noticed Donald
 44476 | Spider:3 | Killed Donald
 45693 | Spider:4 | Reached XP level 18. HP: 143/148 MP: 0/0
 46254 | Spider:3 | Reached skill level 5 in Armour
 47768 | Shoals:1 | Entered Level 1 of the Shoals
 47811 | Lair:2   | Acquired 701 gold pieces
 47938 | Lair:2   | Upgraded the game from 0.28-a0-1555-g9ae15a6949 to
                  | 0.28-a0-1567-g1695149f81
 48794 | Shoals:1 | Reached skill level 13 in Spellcasting
 49270 | Shoals:2 | Found Feorph's Assorted Antiques.
 49393 | Shoals:2 | Bought a golden ring for 160 gold pieces
 49598 | Shoals:1 | Noticed a kraken
 50072 | Shoals:3 | Found a transporter.
 50423 | Shoals:3 | Found a transporter.
 50425 | Shoals:3 | Found a transporter.
 50963 | Shoals:3 | Identified the +2 scale mail "Kiohia" {*Corrode Regen+
                  | Str+6 Slay+2}
 51512 | Shoals:3 | Found a transporter.
 51518 | Shoals:3 | Found a transporter.
 51694 | Shoals:3 | Found a transporter.
 51710 | Shoals:3 | Reached XP level 19. HP: 78/150 MP: 0/0
 51710 | Shoals:3 | Learned a level 6 spell: Death Channel
 52125 | Shoals:3 | Identified the +2 animal skin of the Fiddle {+Blink rC+ rN+
                  | Str+4}
 52216 | Shoals:4 | Entered Level 4 of the Shoals
 52216 | Shoals:4 | Noticed Polyphemus
 53717 | Shoals:4 | Noticed Mara
 53723 | Shoals:4 | Noticed belegose's illusion
 54550 | Shoals:3 | Killed Polyphemus
 54929 | Shoals:4 | Got a barnacled rune of Zot
 55077 | Shoals:4 | Identified the +8 mace "Eviscerator" {flame, rC+ Will+}
 56269 | Spider:4 | Got a gossamer rune of Zot
 56645 | D:12     | Killed a11behringer's ghost
 56992 | D:14     | Reached skill level 14 in Spellcasting
 57193 | D:14     | Reached skill level 10 in Shields
 57389 | D:15     | Entered Level 15 of the Dungeon
 57646 | D:14     | Reached XP level 20. HP: 141/158 MP: 0/0
 57906 | D:15     | Noticed Louise
 57924 | D:15     | Killed Louise
 58036 | D:15     | Noticed Josephine
 58075 | D:15     | Killed Josephine
 58353 | D:15     | Found a staircase to the Depths.
 58644 | D:15     | Noticed Rupert
 59153 | D:15     | Identified the +6 trident of the Firefly {speed, Str+4
                  | Int+5 Dex-5}
 59169 | D:15     | Killed Rupert
 59496 | D:15     | Found an ornate altar of the Wu Jian Council.
 59567 | Vaults:1 | Entered Level 1 of the Vaults
 59687 | Vaults:1 | Found a crumbling gateway.
 59692 | Desolati | Entered the Desolation of Salt
 60331 | Desolati | Identified Sif Muna's Volume of Curses and Summoning
 60331 | Desolati | Identified the ring of Xiadeleda {Wiz rPois rF+ Str+2}
 60453 | Desolati | Identified the +3 ring mail of Sin {Slay+2}
 61195 | Vaults:2 | Found a flickering gateway to a bazaar.
 61221 | Bazaar   | Entered a bazaar
 61221 | Bazaar   | Found Washebae's Weapon Emporium.
 61270 | Bazaar   | Found Kabraxunt's Book Boutique.
 61285 | Bazaar   | Found Pofur's Armour Emporium.
 61297 | Bazaar   | Found Jaef's Assorted Antiques.
 61305 | Bazaar   | Bought a potion of heal wounds for 110 gold pieces
 61305 | Bazaar   | Bought a scroll of teleportation for 66 gold pieces
 61305 | Bazaar   | Found Forethroymp's Magic Scroll Shoppe.
 61313 | Bazaar   | Bought 2 scrolls of teleportation for 66 gold pieces
 61313 | Bazaar   | Bought a scroll of enchant armour for 82 gold pieces
 61321 | Bazaar   | Bought a notched coral ring for 110 gold pieces
 63688 | Vaults:1 | Reached skill level 15 in Spellcasting
 63774 | Vaults:1 | Quit the game

Illustrated notes

Levels and vault maps discovered:
D:1:      lemuel_arrival_behind_the_door_small, layout_rooms,
          hangedman_decor_slide_cut
D:2:      layout_basic, basic_altar,
          dreamdust_ecumenical_altar_hidden_monk_grotto,
          minmay_misc_feat_columns, uniq_jessica
D:3:      layout_basic, ebering_ghost_reflecting_pool, serial_shops,
          nicolae_shop_statue_plus
D:4:      layout_loops_corners, mainiacjoe_overflow_cross_hatched,
          okawaru_ov_weapons_minmay, uniq_sigmund, uniq_robin
D:5:      layout_gridville, fiery_altar_vehumet, mainiacjoe_overflow_boulevard,
          uniq_crazy_yiuf_cottage
D:6:      kennysheep_steamy, layout_basic, lemuel_coloured_pillars_altar,
          nicolae_overflow_squiral
D:7:      layout_layer_cave, minmay_temple_entry_drinking_statues,
          hangedman_abyss_or_decor_lesser_grid, hangedman_feature_mirror
D:8:      layout_loops_corners, serial_park_tiny_pond, uniq_gastronok
D:9:      layout_basic, xom_teletrap_fun, amethyst_overflow_temple_binary,
          erik_lair_orcish_takeover, enter_bailey_3, nicolae_water_bricks,
          uniq_prince_ribbit1, uniq_erolcha, uniq_erica, uniq_maggie
D:10:     layout_loops_ring, trog_antimagical, david_orc_3, serial_park_tiny_2,
          hangedman_decor_push, lightli_wizard_tower, uniq_urug, uniq_maurice
D:11:     layout_basic, uniq_psyche
D:12:     layout_roguey, gammafunk_ghost_smash, minmay_crystal_water,
          nicolae_stop_n_shop_2
D:13:     layout_small_grid, chequers_garden
D:14:     layout_small_grid, hangedman_vaults_entry_quadrant_bands,
          nicolae_uskayaw_suspiria
D:15:     grunt_enter_depths_giant_problem, layout_loops_ring,
          nicolae_wu_jian_immortal_techniques, uniq_josephine, uniq_louise,
          uniq_rupert
Temple:   minmay_freezing_vapour_temple
Lair:1:   layout_small_grid, grunt_megastairs_5
Lair:2:   layout_loops_ring, elwin_shoals_entry_rooms,
          nicolae_lair_lakeside_cave
Lair:3:   layout_chaotic_city, grunt_megastairs_1
Lair:4:   layout_roguey, spider_nest_entry_webs, serial_bayou_shore_a,
          serial_bayou_shore_b
Lair:5:   layout_roguey, grunt_megastairs_2, lemuel_fruit_fields
Lair:6:   due_jungle_book, layout_regular_city, minmay_slime_entry_oklob_open,
          grunt_forest_small_clearing_treed, serial_bayou_shore_b
Shoals:1: layout_shoals
Shoals:2: layout_shoals, serial_shops, nicolae_shop_advertising_works
          [nicolae_subvault_shop_adworks], argonaut_gorgonesque
Shoals:3: argonaut_golden_fleece, layout_shoals, serial_nicolae_subway,
          nicolae_sub_station_crystal, nicolae_sub_station_metal,
          nicolae_sub_station_stone
Shoals:4: shoals_end_grunt_garden, layout_shoals, uniq_polyphemus, uniq_mara
Spider:1: layout_spider_delve
Spider:2: layout_spider_delve
Spider:3: layout_spider_delve, hive_lemuel
Spider:4: grunt_spider_rune_island, nzn_ghost_randoct, uniq_arachne, uniq_donald
Orc:1:    layout_caves, basic_altar, serial_shops, shop, nicolae_orc_tapped_out
Orc:2:    st_orc_open, layout_diamond_mine, serial_shops, nicolae_shop_stone
Vaults:1: portal_desolation_entry_ruin, vaults_mumra_hex, st_cross,
          hangedman_vaults_stitches, vaults_room_fancy_cross,
          ontoclasm_vaults_loading_screen, v_misc_3, ontoclasm_vaults_shuriken,
          v_rooms_3, v_misc_23, v_misc_30, layout_vaults_omnibox
Vaults:2: nicolae_vaults_octagons, hangedman_vaults_locks,
          nicolae_vaults_ring_of_whatevers, nicolae_vaults_hallways_thing,
          v_misc_19, vaults_room_semicircle, ontoclasm_vaults_pinch,
          nicolae_vaults_network_barrier, layout_vaults_chaotic_city,
          serial_shops, bzr_entry_gold

Skill      XL: |  1  2  3  4  5  6  7  8  9 10 11 12 13 14 15 16 17 18 19 20 |
---------------+-------------------------------------------------------------+-----
Stealth        | 2 3 4 5 6 8 9 |  9.0
Fighting       | 1 2 3 5 6 7 8 10 11 12 13 | 13.2
Dodging        | 3 4 6 7 8 9 10 11 | 11.0
Spellcasting   | 4 5 6 7 8 9 10 11 12 13 14 15 | 15.0
Long Blades    | 2 3 4 6 8 10 12 13 14 | 14.0
Armour         | 2 3 4 7 |  7.9
Evocations     | 2 5 7 8 |  8.1
Short Blades   | 2 3 |  3.0
Shields        | 1 4 7 8 10 12 | 12.3
Throwing       | 1 4 5 7 9 |  9.4

Action                   |  1- 3 |  4- 6 |  7- 9 | 10-12 | 13-15 | 16-18 | 19-21 || total
-------------------------+-------+-------+-------+-------+-------+-------+-------++-------
Melee: Mace              |    28 |       |       |       |       |       |       ||    28
       Unarmed           |     1 |       |       |       |       |       |       ||     1
       Dagger            |    48 |   137 |    64 |    16 |       |     6 |       ||   271
       Punch             |       |     1 |     4 |     8 |       |       |       ||    13
       Short sword       |       |       |     9 |       |       |       |       ||     9
       Quarterstaff      |       |       |    78 |       |       |       |       ||    78
       Scimitar          |       |       |   131 |   498 |  1063 |   375 |       ||  2067
       Double sword      |       |       |       |       |       |   309 |   520 ||   829
Throw: Boomerang         |       |     5 |     2 |    11 |     9 |    37 |    57 ||   121
       Dart              |       |     3 |    12 |    13 |     2 |     2 |       ||    32
       Javelin           |       |       |       |     5 |     1 |       |    12 ||    18
 Cast: Summon Small Mamm |    13 |       |       |       |       |     2 |       ||    15
       Call Canine Famil |     1 |    10 |    24 |    32 |    49 |    33 |     7 ||   156
       Call Imp          |       |     7 |     4 |       |       |       |       ||    11
       Summon Guardian G |       |       |     1 |    37 |    19 |    14 |    25 ||    96
       Summon Lightning  |       |       |     1 |     5 |    54 |    78 |    32 ||   170
       Poisonous Vapours |       |       |       |    33 |    26 |   268 |    98 ||   425
       Olgreb's Toxic Ra |       |       |       |     1 |     9 |    21 |     8 ||    39
       Stone Arrow       |       |       |       |     1 |     2 |     6 |       ||     9
       Starburst         |       |       |       |       |     5 |    45 |     5 ||    55
       Searing Ray       |       |       |       |       |       |     2 |       ||     2
       Agony             |       |       |       |       |       |     5 |     1 ||     6
       Monstrous Menager |       |       |       |       |       |    33 |    69 ||   102
Invok: Curse Item        |       |       |     1 |     4 |     4 |       |     1 ||    10
       Shatter the Chain |       |       |       |     1 |     2 |     1 |       ||     4
Evoke: Wand              |       |       |     4 |     5 |     2 |    10 |    16 ||    37
       Phial of floods   |       |       |       |       |       |       |     1 ||     1
  Use: Scroll            |       |       |       |       |     1 |     6 |     6 ||    13
       Potion            |       |       |       |       |       |     1 |     3 ||     4
 Stab: Sleeping          |     2 |     5 |     6 |     3 |     6 |     7 |     1 ||    30
       Distracted        |       |       |     2 |     3 |    24 |    16 |    16 ||    61
       Confused          |       |       |     1 |       |       |       |     1 ||     2
       Paralysed         |       |       |       |     3 |       |       |       ||     3
Armor: Robe              |    12 |    16 |    17 |       |       |       |       ||    45
       Steam dragon scal |       |       |    72 |    93 |       |       |       ||   165
       Troll leather arm |       |       |       |    76 |   214 |       |       ||   290
       Scale mail        |       |       |       |       |   176 |   483 |   179 ||   838
Dodge: Dodged            |    39 |    87 |   203 |   443 |   586 |   537 |   273 ||  2168
Block: Kite shield       |       |       |       |    50 |   706 |   601 |   342 ||  1699
       Reflection        |       |       |       |       |       |     8 |    63 ||    71

Table legend: (Time is in decaauts)
 A = Elapsed time spent in this place.
 B = Non-inter-level travel time spent in this place.
 C = Inter-level travel time spent in this place.
 D = Time resting spent in this place.
 E = Time spent auto-exploring this place.
 F = Levels seen in this place.
 G = Mean time per level.
                   A        B        C        D        E       F      G
               +--------+--------+--------+--------+--------+-----+--------+
         Total |  64160 |  59250 |   4910 |  23933 |  15056 |  37 | 1734.1 |
       Dungeon |  25184 |  22615 |   2569 |   6216 |   9938 |  15 | 1678.9 |
        Temple |     32 |     28 |      4 |      0 |     10 |   1 |   32.0 |
          Lair |   8944 |   7498 |   1446 |    873 |   3443 |   6 | 1490.7 |
        Shoals |   7825 |   7693 |    132 |   4194 |    137 |   4 | 1956.2 |
   Spider Nest |  13559 |  12919 |    640 |   8810 |    714 |   4 | 3389.8 |
  Orcish Mines |   4073 |   4017 |     56 |   1971 |    583 |   2 | 2036.5 |
        Vaults |   2539 |   2476 |     63 |    881 |    145 |   2 | 1269.5 |
        Bazaar |    150 |    150 |      0 |      0 |     85 |   1 |  150.0 |
        Bailey |    679 |    679 |      0 |    344 |      1 |   1 |  679.0 |
    Desolation |   1170 |   1170 |      0 |    643 |      0 |   1 | 1170.0 |
               +--------+--------+--------+--------+--------+-----+--------+

Top non-repeatable levels by time:
Spider:3: 5420 daAuts
Spider:1: 3596 daAuts
Shoals:3: 3019 daAuts
Spider:2: 2645 daAuts
    D:14: 2438 daAuts
Vaults:1: 2324 daAuts
     D:9: 2309 daAuts
   Orc:1: 2262 daAuts
     D:8: 2186 daAuts
  Lair:4: 2106 daAuts
  Lair:2: 2001 daAuts
Shoals:1: 1979 daAuts
    D:10: 1926 daAuts
Spider:4: 1897 daAuts
     D:7: 1855 daAuts
